 Dungeon Crawl Stone Soup version 0.23.0 (webtiles) character file.

Game seed: 5424005858231328313

3077 matthes123 the Cleaver (level 10, -3/80 HPs)
             Began as a Formicid Fighter on Feb 14, 2019.
             Was a Believer of Okawaru.
             Killed from afar by Erica (14 damage)
             ... with an orb of energy
             ... on level 8 of the Dungeon.
             The game lasted 00:10:32 (7485 turns).

matthes123 the Cleaver (Formicid Fighter)           Turns: 7485, Time: 00:10:33

Health: -3/80      AC:  8    Str: 24    XL:     10   Next: 12%
Magic:  19/19      EV:  9    Int:  8    God:    Okawaru [**....]
Gold:   91         SH:  0    Dex: 13    Spells: 9/9 levels left

rFire    . . .     SeeInvis +   a - +1 war axe (flame)
rCold    . . .     Gourm    .   c - +0 shield
rNeg     . . .     Faith    .   b - +1 scale mail
rPois    .         Spirit   .   (helmet unavailable)
rElec    .         Reflect  .   q - +0 cloak "Kim Homn" {rCorr Dex+3} (curse)
rCorr    +         Harm     .   (no gloves)
MR       +....                  (no boots)
Stlth    ..........             (no amulet)
HPRegen  0.23/turn              l - ring of magical power
MPRegen  0.16/turn              (no ring)

@: confused, lethally poisoned (-3 -> -15), lightly drained
A: permanent stasis, dig shafts and tunnels, four strong arms, antennae 3
a: Dig, Shaft Self, Heroism, Renounce Religion


You were on level 8 of the Dungeon.
You worshipped Okawaru.
Okawaru was pleased with you.
You were hungry.

You visited 2 branches of the dungeon, and saw 9 of its levels.

You collected 421 gold pieces.
You spent 330 gold pieces at shops.

Inventory:

Hand Weapons
 a - a +1 war axe of flaming (weapon)
 p - a +2 dagger of speed
Missiles
 k - 2 throwing nets (quivered)
Armour
 b - a +1 scale mail (worn)
 c - a +0 shield (worn)
 q - the cursed +0 cloak "Kim Homn" (worn) {rCorr Dex+3}
   (You found it on level 6 of the Dungeon)

   It affects your dexterity (+3).
   It provides partial protection from all sources of acid and corrosion.
   It has a curse placed upon it.
Jewellery
 l - a ring of magical power (left hand)
Wands
 d - a wand of acid (4)
 r - a wand of scattershot (6)
 t - a wand of flame (28)
 v - a wand of enslavement (13)
Scrolls
 m - 2 scrolls of remove curse
 s - a scroll of magic mapping
 w - a scroll of amnesia
Potions
 e - a potion of berserk rage
 h - a potion of cancellation {unknown}
 i - 5 potions of lignification {unknown}
 j - 2 potions of flight
 n - 4 potions of degeneration {unknown}
 o - 4 potions of mutation {unknown}
 u - 3 potions of curing {unknown}
 z - 2 potions of haste {unknown}
Comestibles
 f - 10 rations


   Skills:
 + Level 8.1(7.7) Fighting
 * Level 9.8(9.4) Axes
 - Level 3.2(2.9) Armour
 + Level 8.7(8.3) Shields


You had 9 spell levels left.
You didn't know any spells.
Your spell library contained the following spells:

 Spells                   Type           Power        Failure   Level  Hunger
 Animate Skeleton         Necr           N/A          77%         1    ##.....
 Apportation              Tloc           #.....       77%         1    ##.....
 Confusing Touch          Hex            #.....       77%         1    ##.....
 Summon Small Mammal      Summ           #...         77%         1    ##.....


Dungeon Overview and Level Annotations

Branches:
Dungeon (8/15)             Temple (1/1) D:5
   Lair: D:8-11

Altars:
Ashenzari
Cheibriados
Elyvilon
Gozag
Makhleb
Okawaru
Sif Muna
Trog
Vehumet
Xom
Yredelemnul
The Shining One

Shops:
D:5 ?   D:6 *   D:7 ?

Annotations:
D:6 2 transporters, Raspi's ghost, novice HOFi
D:8 Erica


Innate Abilities, Weirdness & Mutations

You cannot be hasted, slowed, berserked, paralysed or teleported.
You can dig through walls and to a lower floor.
Your four strong arms can wield two-handed weapons with a shield.
You have a pair of large antennae on your head. (SInv)


Message History

Erica is moderately wounded.
Erica points at you and mumbles some strange words.
Your stasis prevents you from being slowed.
Unknown command.
Unknown command.
Unknown command.
You feel much better.
You feel sick. Erica casts a spell at you.
You are confused.
You feel sick.
Erica points at you and mumbles some strange words.
The bolt of poison hits you!!
You are more poisoned.
* * * LOW HITPOINT WARNING * * *
You're too confused to move!
* * * LOW HITPOINT WARNING * * *
You feel sick.
Erica points at you and mumbles some strange words.
The orb of energy hits you!
You die...

#.... #... .#
.....##..<..##. #.
#....##.....#..
#.##.....#.......#
...........#....#
#.).............##
...........#......
#.........@.....#
#......@.#.####
##....))†..#
.........<.###
############


You could see Erica (invisible).

Vanquished Creatures
  Pikel (D:6)
  Maurice (D:7)
  Sigmund (D:3)
  A water moccasin (D:6)
  A sky beast (D:5)
  2 phantoms
  3 centaurs
  2 ogres (D:7)
  A big kobold (D:7)
  A bullfrog (D:7)
  A wyvern skeleton (D:8)
  2 scorpions
  4 wights
  2 crimson imps
  A bullfrog zombie (D:7)
  A centaur zombie (D:6)
  A bullfrog skeleton (D:5)
  5 orc priests
  4 hounds
  An orc wizard (D:3)
  Ijyb (D:3)
  6 iguanas
  3 worker ants
  2 hound skeletons
  Robin (D:4)
  2 worker ant zombies
  11 adders
  A howler monkey skeleton (D:7)
  A shadow imp (D:7)
  2 oozes
  An adder skeleton (D:4)
  4 worms
  3 dart slugs
  7 leopard geckos
  16 orcs
  3 ball pythons
  2 giant cockroaches (D:1)
  11 hobgoblins
  17 jackals
  15 kobolds
  A quokka (D:7)
  5 bats
  3 frilled lizards
  10 goblins
  A quokka skeleton (D:4)
  6 rats
171 creatures vanquished.

Vanquished Creatures (others)
  A hound (D:6)
1 creature vanquished.

Grand Total: 172 creatures vanquished

Notes
Turn   | Place    | Note
-------+----------+-------------------------------------------
     0 | D:1      | matthes123 the Formicid Fighter began the quest for the
                  | Orb.
     0 | D:1      | Reached XP level 1. HP: 18/18 MP: 1/1
    21 | D:1      | Found a shattered altar of Ashenzari.
    82 | D:1      | Reached XP level 2. HP: 24/24 MP: 2/2
   495 | D:1      | Reached XP level 3. HP: 30/30 MP: 3/3
   633 | D:2      | Reached skill level 3 in Axes
  1045 | D:2      | Reached XP level 4. HP: 34/37 MP: 4/4
  1221 | D:2      | Reached XP level 5. HP: 37/42 MP: 5/5
  1354 | D:3      | Reached skill level 4 in Axes
  1458 | D:3      | Found a snail-covered altar of Cheibriados.
  1713 | D:3      | Noticed Sigmund
  1727 | D:3      | Killed Sigmund
  1727 | D:3      | Reached skill level 5 in Axes
  1727 | D:3      | Reached skill level 5 in Shields
  1727 | D:3      | Reached XP level 6. HP: 23/50 MP: 6/6
  2139 | D:3      | Noticed Ijyb
  2180 | D:3      | Killed Ijyb
  2180 | D:3      | Reached skill level 5 in Fighting
  2180 | D:3      | Reached XP level 7. HP: 56/56 MP: 7/7
  2498 | D:4      | Noticed Robin
  2520 | D:4      | Killed Robin
  3328 | D:4      | Found a bloodstained altar of Trog.
  3328 | D:4      | Found a deep blue altar of Sif Muna.
  3654 | D:4      | Reached skill level 6 in Axes
  3797 | D:5      | Entered Level 5 of the Dungeon
  3797 | D:5      | Found a radiant altar of Vehumet.
  3844 | D:5      | Found an opulent altar of Gozag.
  3980 | D:5      | Reached XP level 8. HP: 40/64 MP: 8/8
  4149 | D:5      | Found Cimoqekh's Magic Scroll Emporium.
  4162 | D:5      | Bought a scroll of brand weapon for 240 gold pieces
  4213 | D:5      | Found a staircase to the Ecumenical Temple.
  4450 | Temple   | Entered the Ecumenical Temple
  4465 | Temple   | Became a worshipper of Warmaster Okawaru
  4642 | D:6      | Reached skill level 7 in Axes
  4955 | D:6      | Got a brightly glowing cloak
  4961 | D:6      | Identified the cursed +0 cloak "Kim Homn" {rCorr Dex+3}
                  | (You found it on level 6 of the Dungeon)
  4965 | D:6      | Noticed Pikel
  4986 | D:6      | Killed Pikel
  4986 | D:6      | Reached * piety under Okawaru
  4986 | D:6      | Reached skill level 8 in Axes
  4986 | D:6      | Reached XP level 9. HP: 17/71 MP: 9/9
  5297 | D:6      | Found a transporter.
  5299 | D:6      | Found a transporter.
  5299 | D:6      | Noticed Raspi's ghost (novice HOFi)
  5484 | D:6      | Reached ** piety under Okawaru
  5708 | D:6      | Found Lurphajue's Serpentskin Sales.
  6241 | D:7      | Found Ciqisutu's Magic Scroll Emporium.
  6252 | D:7      | Bought a scroll of enchant weapon for 90 gold pieces
  6434 | D:7      | Found a shattered altar of Ashenzari.
  6515 | D:7      | Reached skill level 9 in Axes
  6756 | D:7      | Found a white marble altar of Elyvilon.
  7014 | D:8      | Noticed Maurice
  7014 | D:8      | Noticed Erica
  7140 | D:7      | Killed Maurice
  7140 | D:7      | Reached XP level 10. HP: 65/80 MP: 10/10
  7485 | D:8      | Killed from afar by Erica

Skill      XL: |  1  2  3  4  5  6  7  8  9 10 |
---------------+-------------------------------+-----
Axes           | 3 5 6 8 9 |  9.8
Shields        | 4 5 7 8 |  8.7
Fighting       | 4 5 6 7 8 |  8.1
Armour         | |  3.2

Action                   |  1- 3 |  4- 6 |  7- 9 | 10-12 || total
-------------------------+-------+-------+-------+-------++-------
Melee: War axe           |    83 |       |   339 |    24 ||   446
       Hand axe          |       |   108 |       |       ||   108
       Dagger            |       |    37 |     5 |       ||    42
Throw: Throwing net      |       |       |     1 |       ||     1
Invok: Heroism           |       |       |     1 |     1 ||     2
  Use: Scroll            |       |     5 |     6 |     2 ||    13
       Potion            |       |     1 |     1 |     3 ||     5
  Eat: Chunk             |       |     4 |    16 |     1 ||    21
Armor: Scale mail        |    38 |    36 |   116 |    21 ||   211
Dodge: Dodged            |    30 |    47 |   102 |    27 ||   206
Block: Shield            |    44 |    76 |   168 |    20 ||   308
